 Dungeon Crawl Stone Soup version 0.27.0-1-g7a089689b8 (webtiles) character file.

Game seed: 13466093081462775529

143 ZARRMARR the Covert (level 5, 0/26 HPs)
             Began as a Spriggan Brigand on Aug 14, 2021.
             Succumbed to an adder's poison
             ... on level 3 of the Dungeon.
             The game lasted 00:15:12 (5432 turns).

ZARRMARR the Covert (Spriggan Brigand)              Turns: 5432, Time: 00:15:13

Health: 0/26       AC:  3    Str:  7    XL:     5   Next: 4%
Magic:  6/6        EV: 17    Int: 13    God:
Gold:   131        SH:  0    Dex: 17    Spells: 4/4 levels left

rFire    . . .     SeeInvis +   d - +1 dagger (elec)
rCold    . . .     Faith    .   (shield restricted)
rNeg     + . .     Spirit   .   b - +0 robe
rPois    .         Reflect  .   (helmet restricted)
rElec    .         Harm     .   c - +0 cloak
rCorr    .         Rampage  .   (gloves unavailable)
Will     .....                  (boots unavailable)
Stlth    ++++......             (no amulet)
HPRegen  0.08/turn              f - ring of positive energy
MPRegen  0.10/turn              (no ring)

@: lethally poisoned (0 -> -6), very quick
A: very small, no large weapons, unfitting armour, see invisible, speed 3
a: no special abilities


You were on level 3 of the Dungeon.
You visited 1 branch of the dungeon, and saw 3 of its levels.

You collected 131 gold pieces.

Inventory:

Hand Weapons
 a - a +2 dagger
 d - a +1 dagger of electrocution (weapon)
Missiles
 e - 2 curare-tipped darts
 g - 2 poisoned darts (quivered)
Armour
 b - a +0 robe (worn)
 c - a +0 cloak (worn)
Jewellery
 f - a ring of positive energy (left hand)
Scrolls
 h - 2 scrolls of enchant armour
 k - a scroll of identify
Potions
 i - a potion of mutation {unknown}
 j - a potion of berserk rage {unknown}


   Skills:
 + Level 1.7 Fighting
 + Level 2.9 Short Blades
 + Level 2.9 Throwing
 + Level 2.1 Dodging
 + Level 8.2 Stealth


You had 4 spell levels left.
You didn't know any spells.
Your spell library contained the following spells:

 Spells                   Type           Power      Damage    Failure   Level
 Magic Dart               Conj           0%         1d3       30%         1
 Corpse Rot               Necr/Air       N/A        N/A       43%         2
 Poisonous Vapours        Pois/Air       0%         N/A       43%         2
 Searing Ray              Conj           0%         3d3       43%         2
 Fulminant Prism          Conj/Hex       0%         3d6       97%         4
 Freezing Cloud           Conj/Ice/Air   0%         6-21      100%        5


Dungeon Overview and Level Annotations

Branches:
Dungeon (3/15)

Altars:
Cheibriados


Innate Abilities, Weirdness & Mutations

You are very small and have problems with some larger weapons.
You are too small for most types of armour.
You have supernaturally acute eyesight. (SInv)
You cover ground extremely quickly. (Speed+++)


Message History

You hit the adder.
The adder is severely wounded.
You feel sick. The adder barely misses you.
You miss the adder.
The adder is severely wounded.
You feel sick. The adder bites you but does no damage.
You hit the adder but do no damage.
The adder is severely wounded.
The adder bites you. The adder closely misses you.
You hit the adder but do no damage.
The adder is severely wounded.
You feel sick. The adder closely misses you.
You barely miss the adder.
The adder is severely wounded.
You feel sick.
You are no longer poisoned.
The adder bites you.
You barely miss the adder.
The adder is severely wounded.
The adder barely misses you.
You hit the adder.
The adder is almost dead.
The adder bites you but does no damage.
You miss the adder.
The adder is almost dead.
The adder bites you.
You are poisoned.
The adder poisons you!
You feel sick.
You feel sick.
Throw: 3 darts (poison)
Press: ? - help, Q - select action, (/) - cycle Shift-Dir - straight line, f - adder
Aim: an adder (almost dead, 42% to hit)
You throw a poisoned dart. The poisoned dart hits the adder.
The adder is almost dead.
You feel sick. The adder bites you.
* * * LOW HITPOINT WARNING * * *
You are more poisoned.
The adder poisons you!
You die...

#.#.#######.# #### #.....
.#####..........# .....########
............##.## ..............
.##.##.#.##.#.## #...........###
. #.##.#.##.##)###.# ###.##...# #
. #.##.#.##.###.#.# ##.## #
.##.#....##.# ##.# #.# #
.........##.# #.# ##.###†####
..#.##..#.#.# #@# .#........
..#.†##..##.####.# #.###.####
..#.............S# #.###.####
.†####..###.###.(# #.........
..#####.###.###..# #<.##.....
..†....).........#######..##.....
#######..######...........#######
#..# ............# #..#
#########.<.#


You could see an adder.

Vanquished Creatures
  8 adders
  2 dart slugs (D:1)
  4 endoplasms
  A giant cockroach (D:1)
  5 goblins
  9 hobgoblins
  3 jackals (D:1)
  10 kobolds
  3 quokkas
  11 ball pythons
  6 bats
  A frilled lizard (D:1)
  3 rats (D:1)
66 creatures vanquished.

Notes
Turn   | Place    | Note
-------+----------+-------------------------------------------
     0 | D:1      | ZARRMARR the Spriggan Brigand began the quest for the Orb.
     0 | D:1      | Reached XP level 1. HP: 10/10 MP: 2/2
    22 | D:1      | Reached skill level 6 in Stealth
   295 | D:1      | Reached XP level 2. HP: 14/14 MP: 3/3
   508 | D:1      | Reached skill level 7 in Stealth
   596 | D:1      | Found a faded altar of an unknown god.
   783 | D:1      | Reached XP level 3. HP: 18/18 MP: 4/4
  3614 | D:2      | Found a snail-covered altar of Cheibriados.
  3863 | D:2      | Reached XP level 4. HP: 8/22 MP: 5/5
  4751 | D:2      | Reached skill level 8 in Stealth
  5372 | D:3      | Reached XP level 5. HP: 26/26 MP: 6/6
  5431 | D:3      | HP: 1/26 [adder (4)]
  5432 | D:3      | Succumbed to an adder's poison

Illustrated notes

Levels and vault maps discovered:
D:1:      dpeg_arrival_stonehenge_12_columns, layout_basic,
          ebering_ecumenical_altar_petrified, kennysheep_minor_cross,
          minmay_misc_feat_secret_circle, minmay_distorted
D:2:      layout_basic, basic_altar
D:3:      layout_loops_ring

Skill      XL: |  1  2  3  4 |
---------------+-------------+-----
Stealth        | 6 7 8 |  8.2
Dodging        | 2 |  2.1
Fighting       | |  1.7
Short Blades   | |  2.9
Throwing       | |  2.9

Action                   |  1- 3 |  4- 6 || total
-------------------------+-------+-------++-------
Melee: Dagger            |   106 |    67 ||   173
Throw: Dart              |    41 |    14 ||    55
  Use: Scroll            |     2 |       ||     2
 Stab: Sleeping          |    17 |     8 ||    25
Armor: Robe              |    20 |    10 ||    30
Dodge: Dodged            |    67 |    35 ||   102
